AoeStats
← theoKn

Yucatan

510419533Analyzed
4v4 RM · 2d ago on Sep 30, 2026· 67m 57s· 8 players
Game mode
Random Map
Map size
Large (8 player)
Population
200
Speed
Normal
Resources
Standard
Victory
Conquest
Starting age
Dark Age
Ending age
Imperial Age
RankedLock teamsTeams togetherTeam positionsShared explorationLock speedFull tech treeHidden civsTurbo modeCheats
Victory
Defeat
🇹🇷 Turks · Türkiye
911
+16
🇲🇽 Bengalis · Mexico
876
+17
🇸🇰 Mongols · Slovakia
870
+17
🇹🇷 Cumans · Türkiye
867
+17
🇺🇸 Wei · United States
922
-18
🇦🇷 Portuguese · Argentina
913
-17
🇨🇱 Aztecs · Chile
900
-17
🇺🇸 Persians · United States
857
-15
SER
10:27 Feudal Age
11:13 Double-Bit Axe
11:09 Horse Collar
10:59 Man-at-Arms
12:05 Arson
13:29 Forging
16:31 Fletching
19:54 Castle Age
19:22 Loom
21:19 Bow Saw
21:00 Gold Mining
21:06 Bodkin Arrow
22:15 Scale Barding Armor
26:17 Chain Barding Armor
30:26 Ballistics
32:18 Fishing Lines
33:07 Gillnets
43:47 Imperial Age
41:06 Town Watch
44:33 Bloodlines
45:55 Two-Man Saw
44:56 Bracer
45:57 Chemistry
47:50 Gold Shaft Mining
48:09 Town Patrol
48:08 Elite Elephant Archer
48:54 Murder Holes
49:06 Stone Mining
49:53 Plate Barding Armor
51:10 Conscription
51:00 Paiks
51:53 Long Swordsman
52:34 Scale Mail Armor
53:10 Iron Casting
53:35 Chain Mail Armor
52:43 Two-Handed Swordsman
53:58 Gambesons
54:47 Husbandry
54:43 Champion
55:48 Squires
57:01 Blast Furnace
Get Rekt
4:12 Loom
13:41 Feudal Age
14:03 Horse Collar
14:51 Stone Mining
20:53 Castle Age
19:41 Gold Mining
22:14 Heavy Plow
22:05 Double-Bit Axe
24:15 Ballistics
24:37 Loom
26:08 Fletching
26:19 Padded Archer Armor
26:25 Town Watch
29:13 Wheelbarrow
29:19 Padded Archer Armor
29:33 Scale Barding Armor
30:33 Thumb Ring
31:05 Town Patrol
31:20 Hand Cart
35:11 Imperial Age
32:55 Bodkin Arrow
33:33 Steppe Husbandry
34:07 Leather Archer Armor
33:52 Murder Holes
34:32 Bow Saw
35:33 Gold Shaft Mining
36:19 Conscription
37:05 Two-Man Saw
36:44 Ring Archer Armor
36:49 Crop Rotation
37:32 Parthian Tactics
37:05 Elite Kipchak
38:15 Forging
38:05 Scale Mail Armor
40:10 Cuman Mercenaries
41:02 Hand Cart
41:16 Chain Barding Armor
40:56 Scale Mail Armor
41:31 Iron Casting
43:27 Chemistry
45:41 Chain Mail Armor
46:26 Blast Furnace
46:01 Plate Barding Armor
46:42 Masonry
theoKn
0:28 Loom
14:28 Feudal Age
15:55 Wheelbarrow
15:07 Double-Bit Axe
20:50 Castle Age
21:49 Hand Cart
35:57 Imperial Age
36:34 Scale Barding Armor
38:01 Bombard Tower
39:09 Ballistics
39:39 Artillery
46:44 Husbandry
49:28 Conscription
49:39 Stone Mining
49:39 Gold Mining
67:09 Chain Barding Armor
67:00 Forging
67:17 Bloodlines
Fireman
0:28 Loom
10:34 Feudal Age
11:26 Double-Bit Axe
11:27 Horse Collar
18:50 Castle Age
17:04 Fletching
18:22 Padded Archer Armor
19:19 Gold Mining
20:00 Bow Saw
19:54 Heavy Plow
20:35 Gold Shaft Mining
20:39 Wheelbarrow
24:10 Stone Mining
24:34 Town Watch
26:15 Hand Cart
28:43 Stone Shaft Mining
30:17 Bloodlines
30:08 Husbandry
30:07 Bodkin Arrow
30:28 Leather Archer Armor
32:16 Ballistics
32:21 Scale Barding Armor
35:02 Imperial Age
32:33 Town Patrol
35:08 Elite Mangudai
36:09 Conscription
36:18 Conscription
36:11 Bracer
36:42 Parthian Tactics
37:26 Chemistry
36:32 Siege Engineers
36:49 Light Cavalry
37:58 Chain Barding Armor
38:33 Drill
38:05 Hussar
39:31 Nomads
41:27 Forging
42:53 Iron Casting
41:49 Capped Ram
45:43 Blast Furnace
44:34 Siege Ram
ferandres99
7:22 Loom
9:57 Feudal Age
11:40 Town Watch
11:43 Double-Bit Axe
15:50 Wheelbarrow
20:31 Castle Age
21:35 Horse Collar
25:39 Fletching
30:27 Hand Cart
33:53 Town Patrol
34:26 Bow Saw
34:08 Gold Mining
39:26 Imperial Age
37:09 Husbandry
38:47 Thumb Ring
39:08 Ballistics
38:58 Masonry
38:15 Crossbowman
41:45 Gold Shaft Mining
41:22 Bloodlines
41:17 Padded Archer Armor
43:05 Murder Holes
43:41 Architecture
43:46 Conscription
45:31 Chemistry
45:24 Citadels
47:01 Bodkin Arrow
49:58 Two-Man Saw
53:19 Hoardings
55:33 Heavy Plow
59:06 Kamandaran
Surfer's Gambit
0:28 Loom
11:11 Feudal Age
11:39 Double-Bit Axe
11:47 Gold Mining
11:44 Fishing Lines
12:54 Wheelbarrow
12:05 Town Watch
12:52 Gold Mining
18:40 Stone Mining
21:30 Castle Age
20:20 Bloodlines
20:26 Forging
20:22 Scale Barding Armor
22:05 Gillnets
22:28 Bow Saw
23:10 Husbandry
23:38 Hand Cart
24:50 Horse Collar
25:48 Iron Casting
26:09 Tuntian
32:44 Imperial Age
33:10 Chain Barding Armor
32:56 Scale Mail Armor
32:19 Pikeman
32:59 Squires
33:16 Heavy Plow
34:11 Stone Shaft Mining
34:16 Ming Guang Armor
34:12 Conscription
34:31 Gold Shaft Mining
35:15 Hoardings
35:03 Heavy Hei Guang Cavalry
37:01 Blast Furnace
42:18 Fortified Wall
41:49 Treadmill Crane
42:20 Masonry
42:07 Murder Holes
42:34 Ballistics
48:21 Thumb Ring
47:44 Elite Skirmisher
51:17 Fletching
51:27 Padded Archer Armor
51:43 Chain Mail Armor
52:58 Chemistry
54:13 Bodkin Arrow
54:34 Leather Archer Armor
Carti
0:58 Loom
13:35 Feudal Age
13:59 Feudal Age
15:06 Double-Bit Axe
15:02 Horse Collar
17:53 Castle Age
18:14 Man-at-Arms
21:16 Wheelbarrow
27:53 Hand Cart
27:26 Town Watch
27:22 Pikeman
28:18 Squires
33:29 Fervor
33:33 Redemption
33:15 Elite Skirmisher
34:55 Heavy Plow
36:15 Scale Mail Armor
37:30 Bow Saw
38:04 Sanctity
38:06 Atlatl
39:00 Caravan
42:16 Imperial Age
41:16 Padded Archer Armor
41:07 Fletching
41:27 Forging
41:33 Chain Mail Armor
42:22 Ballistics
42:44 Town Patrol
43:18 Elite Jaguar Warrior
44:29 Garland Wars
44:36 Conscription
46:11 Crop Rotation
45:34 Capped Ram
46:57 Siege Ram
48:25 Plate Mail Armor
48:31 Iron Casting
47:57 Bodkin Arrow
50:29 Leather Archer Armor
51:15 Blast Furnace
52:26 Eagle Warrior
52:51 Arson
55:13 Elite Eagle Warrior
60:31 Bracer
slower
8:24 Loom
12:21 Feudal Age
18:38 Castle Age
16:40 Gold Mining
16:37 Double-Bit Axe
16:35 Horse Collar
17:10 Fletching
18:59 Stone Mining
20:58 Heavy Plow
22:58 Wheelbarrow
22:09 Town Watch
24:24 Elite Skirmisher
28:17 Hand Cart
28:04 Murder Holes
28:30 Ballistics
33:33 Imperial Age
31:28 Padded Archer Armor
31:57 Bodkin Arrow
32:18 Leather Archer Armor
33:27 Thumb Ring
33:49 Fortified Wall
33:51 Masonry
35:23 Chemistry
35:32 Siege Engineers
36:50 Elite Organ Gun
38:18 Town Patrol
42:21 Arquebus
44:19 Bow Saw
45:19 Scale Barding Armor
45:15 Bracer
45:45 Ring Archer Armor
45:26 Forging
46:13 Husbandry
46:24 Bloodlines
45:35 Cavalier
48:18 Light Cavalry
53:12 Chain Barding Armor
53:28 Iron Casting
Connection lost

Rejoining the realm…

Still unreachable

The connection could not be restored.

Session expired

The server has moved on; the page needs a fresh start.